PL
PHOENIX HOTSPUR @ BOSTON PATRIOTS
10/11/2029
 
TOP OF THE 1ST
Phoenix Hotspur batting - Pitching for Boston Patriots : RHP Lúcio Sánchez
Pitching: RHP Lúcio Sánchez
Batting: RHB Roland Deschain 0-0: Called Strike
0-1: Ball
1-1: Ball
2-1: Foul Ball, location: 2F
2-2: Strikes out looking
Batting: RHB Kyle Bywaters 0-0: Ground out 6-3 (Groundball, 6D)
Batting: LHB Francisco García 0-0: Ball
1-0: Ball
2-0: Fly out, F8 (Flyball, 8RM)
Top of the 1st over - 0 runs, 0 hits, 0 errors, 0 left on base; Phoenix 0 - Boston 0
BOTTOM OF THE 1ST
Boston Patriots batting - Pitching for Phoenix Hotspur : RHP Jaime van de Weideven
Pitching: RHP Jaime van de Weideven
Batting: LHB Alberto Enríquez 0-0: Called Strike
0-1: Ground out 3-1 (Groundball, 34)
Batting: RHB Tamasaburo Kato 0-0: Called Strike
0-1: Called Strike
0-2: Ball
1-2: Ball
2-2: Ball
3-2: Ground out 4-3 (Groundball, 4)
Batting: RHB Tommy Jones 0-0: Called Strike
0-1: Foul Ball, location: 2F
0-2: Fly out, F5 (Line Drive, 56)
Bottom of the 1st over - 0 runs, 0 hits, 0 errors, 0 left on base; Phoenix 0 - Boston 0
TOP OF THE 2ND
Phoenix Hotspur batting - Pitching for Boston Patriots : RHP Lúcio Sánchez
Batting: LHB Mario Cruz 0-0: SINGLE (Groundball, 4MD)
Batting: RHB Randy Rehling 0-0: Ball
1-0: Fly out, F9 (Flyball, 9)
Batting: RHB Ted Cook 0-0: Ball
1-0: Ball
2-0: Called Strike
2-1: Ball
3-1: Base on Balls
Mario Cruz to second
Batting: LHB Shojiro Ueda 0-0: Grounds into double play, 6-4-3 (Groundball, 6)
Top of the 2nd over - 0 runs, 1 hit, 0 errors, 1 left on base; Phoenix 0 - Boston 0
BOTTOM OF THE 2ND
Boston Patriots batting - Pitching for Phoenix Hotspur : RHP Jaime van de Weideven
Batting: SHB Jorge Velázquez 0-0: Ball
1-0: Ball
2-0: Called Strike
2-1: Foul Ball, location: 2F
2-2: Ball
3-2: Strikes out swinging
Batting: LHB Timmy Appeldoorn 0-0: Ball
1-0: Ground out 4-3 (Groundball, 4)
Batting: RHB Terry Armstrong 0-0: Ball
1-0: Called Strike
1-1: Fly out, F9 (Flyball, 89M)
Bottom of the 2nd over - 0 runs, 0 hits, 0 errors, 0 left on base; Phoenix 0 - Boston 0
TOP OF THE 3RD
Phoenix Hotspur batting - Pitching for Boston Patriots : RHP Lúcio Sánchez
Batting: RHB Pierre Bernard 0-0: Foul Ball, location: 2F
0-1: Ball
1-1: Fly out, F8 (Flyball, 8RD)
Batting: LHB Wagaw Lukongolo 0-0: Called Strike
0-1: Ball
1-1: Ball
2-1: Called Strike
2-2: Strikes out swinging
Batting: RHB Roland Deschain 0-0: Called Strike
0-1: Ball
1-1: Swinging Strike
1-2: Ball
2-2: SINGLE (Groundball, 34D)
Batting: RHB Kyle Bywaters 0-0: Foul Ball, location: 2F
0-1: Called Strike
0-2: Fly out, F8 (Line Drive, 8LM)
Top of the 3rd over - 0 runs, 1 hit, 0 errors, 1 left on base; Phoenix 0 - Boston 0
BOTTOM OF THE 3RD
Boston Patriots batting - Pitching for Phoenix Hotspur : RHP Jaime van de Weideven
Batting: RHB Karl Schultz 0-0: Ball
1-0: SOLO HOME RUN (Flyball, 7D), Distance : 401 ft
Batting: RHB Eddie O'Bryan 0-0: Called Strike
0-1: Called Strike
0-2: Ball
1-2: Strikes out swinging
Batting: RHB Yosuke Hayashi 0-0: Called Strike
0-1: Ball
1-1: Ball
2-1: Ground out 5-3 (Groundball, 56)
Batting: LHB Alberto Enríquez 0-0: Ball
1-0: Ground out 6-3 (Groundball, 6)
Bottom of the 3rd over - 1 run, 1 hit, 0 errors, 0 left on base; Phoenix 0 - Boston 1
TOP OF THE 4TH
Phoenix Hotspur batting - Pitching for Boston Patriots : RHP Lúcio Sánchez
Batting: LHB Francisco García 0-0: Ball
1-0: SINGLE (Groundball, 34D)
Batting: LHB Mario Cruz 0-0: Ball
1-0: Fly out, F9 (Flyball, 9)
Batting: RHB Randy Rehling 0-0: Ball
1-0: Called Strike
1-1: Foul Ball, location: 2F
1-2: Fly out, F9 (Flyball, 89M)
Batting: RHB Ted Cook 0-0: Swinging Strike
0-1: Swinging Strike
0-2: Ball
Francisco García steals 2nd base
1-2: Strikes out swinging, 2-3 out at first.
Top of the 4th over - 0 runs, 1 hit, 0 errors, 1 left on base; Phoenix 0 - Boston 1
BOTTOM OF THE 4TH
Boston Patriots batting - Pitching for Phoenix Hotspur : RHP Jaime van de Weideven
Batting: RHB Tamasaburo Kato 0-0: Swinging Strike
0-1: Swinging Strike
0-2: Ball
1-2: Ball
2-2: Ball
3-2: Strikes out swinging
Batting: RHB Tommy Jones 0-0: Ball
1-0: Ball
2-0: Called Strike
2-1: DOUBLE (Line Drive, 89XD)
Batting: SHB Jorge Velázquez 0-0: Ball
1-0: Ball
2-0: Swinging Strike
2-1: Ground out 1-3 (Groundball, 13S)
Tommy Jones to third
Batting: LHB Timmy Appeldoorn 0-0: Ball
1-0: Called Strike
1-1: Called Strike
1-2: Foul Ball, location: 2F
1-2: Strikes out swinging
Bottom of the 4th over - 0 runs, 1 hit, 0 errors, 1 left on base; Phoenix 0 - Boston 1
TOP OF THE 5TH
Phoenix Hotspur batting - Pitching for Boston Patriots : RHP Lúcio Sánchez
Batting: LHB Shojiro Ueda 0-0: Called Strike
0-1: Ball
1-1: Ball
2-1: Ground out 4-3 (Groundball, 4)
Batting: RHB Pierre Bernard 0-0: Called Strike
0-1: Foul Ball, location: 2F
0-2: Foul Ball, location: 2F
0-2: Ball
1-2: Ground out 4-3 (Groundball, 4)
Batting: LHB Wagaw Lukongolo 0-0: Ball
1-0: Ground out 4-3 (Groundball, 4)
Top of the 5th over - 0 runs, 0 hits, 0 errors, 0 left on base; Phoenix 0 - Boston 1
BOTTOM OF THE 5TH
Boston Patriots batting - Pitching for Phoenix Hotspur : RHP Jaime van de Weideven
Batting: RHB Terry Armstrong 0-0: Ball
1-0: DOUBLE (Flyball, 8RXD)
Batting: RHB Karl Schultz 0-0: Called Strike
0-1: Ball
1-1: Called Strike
1-2: Ball
2-2: Ground out 6-3 (Groundball, 6)
Batting: RHB Eddie O'Bryan 0-0: Ball
1-0: Fly out, F9 (Flyball, 9S)
Batting: RHB Yosuke Hayashi 0-0: Ball
1-0: Called Strike
1-1: Ground out U3 (Groundball, 34S)
Bottom of the 5th over - 0 runs, 1 hit, 0 errors, 1 left on base; Phoenix 0 - Boston 1
TOP OF THE 6TH
Phoenix Hotspur batting - Pitching for Boston Patriots : RHP Lúcio Sánchez
Batting: RHB Roland Deschain 0-0: Ball
1-0: Ball
2-0: Ball
3-0: Called Strike
3-1: Foul Ball, location: 2F
3-2: Foul Ball, location: 2F
3-2: Fly out, F7 (Line Drive, 7)
Batting: RHB Kyle Bywaters 0-0: Bunt missed!
0-1: Ball
1-1: Ground out 6-3 (Groundball, 6)
Batting: LHB Francisco García 0-0: Swinging Strike
0-1: Ball
1-1: SINGLE (Line Drive, 5L)
Batting: LHB Mario Cruz 0-0: Ball
1-0: Foul Ball, location: 2F
1-1: Ball
2-1: Ball
3-1: Foul Ball, location: 2F
3-2: Foul Ball, location: 2F
3-2: Foul Ball, location: 2F
3-2: Foul Ball, location: 2F
3-2: DOUBLE (Line Drive, 9D)
Francisco García to third
Francisco García scores
Batting: RHB Randy Rehling 0-0: DOUBLE (Groundball, 5L)
Mario Cruz scores
Batting: RHB Ted Cook 0-0: Ball
1-0: Foul Ball, location: 2F
1-1: Ball
2-1: Fly out, F5 (Line Drive, 56)
Top of the 6th over - 2 runs, 3 hits, 0 errors, 1 left on base; Phoenix 2 - Boston 1
BOTTOM OF THE 6TH
Boston Patriots batting - Pitching for Phoenix Hotspur : RHP Jaime van de Weideven
Batting: LHB Alberto Enríquez 0-0: Ball
1-0: Called Strike
1-1: Foul Ball, location: 2F
1-2: Foul Ball, location: 2F
1-2: SINGLE (Groundball, 6MD)
Batting: RHB Tamasaburo Kato 0-0: Foul Ball, location: 2F
0-1: Ball
1-1: 2-RUN HOME RUN (Flyball, 7D), Distance : 403 ft
Batting: RHB Tommy Jones 0-0: Called Strike
0-1: Fly out, F6 (Line Drive, 56)
Batting: SHB Jorge Velázquez 0-0: SINGLE (Groundball, 4MD)
Batting: LHB Timmy Appeldoorn 0-0: Called Strike
0-1: Foul Ball, location: 2F
0-2: Ball
1-2: Ball
2-2: Foul Ball, location: 2F
2-2: Foul Ball, location: 2F
2-2: Ball
3-2: Foul Ball, location: 2F
3-2: SINGLE (Groundball, 56D) (infield hit)
Jorge Velázquez to second
Batting: RHB Terry Armstrong 0-0: Ball
1-0: Ball
2-0: Swinging Strike
2-1: Ball
3-1: Base on Balls
Jorge Velázquez to third
Timmy Appeldoorn to second
Batting: RHB Karl Schultz 0-0: Ball
1-0: Ball
2-0: Grounds into double play, 5-4-3 (Groundball, 5)
Bottom of the 6th over - 2 runs, 4 hits, 0 errors, 2 left on base; Phoenix 2 - Boston 3
TOP OF THE 7TH
Phoenix Hotspur batting - Pitching for Boston Patriots : RHP Lúcio Sánchez
Batting: LHB Shojiro Ueda 0-0: Ball
1-0: Ground out 6-3 (Groundball, 6)
Batting: RHB Pierre Bernard 0-0: Ball
1-0: Ball
2-0: Called Strike
2-1: Foul Ball, location: 2F
2-2: Strikes out swinging
Batting: LHB Wagaw Lukongolo 0-0: Foul Ball, location: 2F
0-1: Called Strike
0-2: Strikes out swinging passed ball, reaches first!
Batting: RHB Roland Deschain 0-0: Ball
1-0: Ball
Wagaw Lukongolo steals 2nd base
2-0: SINGLE (Groundball, 6MD)
Wagaw Lukongolo to third
Runner from 3rd tries for Home, SAFE, no throw
Pitching: RHP Doug Carlton
Batting: RHB Kyle Bywaters 0-0: Swinging Strike
0-1: Ball
1-1: Foul Ball, location: 2F
1-2: Strikes out looking
Top of the 7th over - 1 run, 1 hit, 0 errors, 1 left on base; Phoenix 3 - Boston 3
BOTTOM OF THE 7TH
Boston Patriots batting - Pitching for Phoenix Hotspur : RHP Jaime van de Weideven
Batting: RHB Eddie O'Bryan 0-0: Called Strike
0-1: Ball
1-1: Ground out 3-1 (Groundball, 34S)
Batting: RHB Yosuke Hayashi 0-0: Foul Ball, location: 2F
0-1: Ball
1-1: Ground out 6-3 (Groundball, 6M)
Batting: LHB Alberto Enríquez 0-0: Foul Ball, location: 2F
0-1: Called Strike
0-2: SINGLE (Groundball, 6MD)
Batting: RHB Tamasaburo Kato 0-0: Ball
1-0: Called Strike
1-1: Ball
Alberto Enríquez is caught stealing 2nd base
Bottom of the 7th over - 0 runs, 1 hit, 0 errors, 0 left on base; Phoenix 3 - Boston 3
TOP OF THE 8TH
Phoenix Hotspur batting - Pitching for Boston Patriots : RHP Doug Carlton
Batting: LHB Francisco García 0-0: Called Strike
0-1: Foul Ball, location: 2F
0-2: Strikes out swinging
Batting: LHB Mario Cruz 0-0: Ground out 4-3 (Groundball, 4)
Batting: RHB Randy Rehling 0-0: Called Strike
0-1: Swinging Strike
0-2: Foul Ball, location: 2F
0-2: DOUBLE (Line Drive, 7D)
Batting: RHB Ted Cook 0-0: Ball
1-0: Foul Ball, location: 2F
1-1: Called Strike
1-2: Ball
2-2: SINGLE (Groundball, 56D)
Randy Rehling to third
Runner from 3rd tries for Home, SAFE, no throw
Batting: LHB Shojiro Ueda 0-0: Ball
1-0: Swinging Strike
1-1: Called Strike
1-2: Fly out, F6 (Line Drive, 6)
Top of the 8th over - 1 run, 2 hits, 0 errors, 1 left on base; Phoenix 4 - Boston 3
BOTTOM OF THE 8TH
Boston Patriots batting - Pitching for Phoenix Hotspur : RHP Jaime van de Weideven
Batting: RHB Tamasaburo Kato 0-0: Swinging Strike
0-1: Swinging Strike
0-2: Foul Ball, location: 2F
0-2: Ball
1-2: Ball
2-2: Strikes out swinging
Batting: RHB Tommy Jones 0-0: Ball
1-0: Ball
2-0: Foul Ball, location: 2F
2-1: Foul Ball, location: 2F
2-2: Foul Ball, location: 2F
2-2: Strikes out swinging
Batting: SHB Jorge Velázquez 0-0: Ball
1-0: Foul Ball, location: 2F
1-1: Foul Ball, location: 2F
1-2: Ball
2-2: SINGLE (Line Drive, 34)
Pitching: RHP Santiago Alonza
Pinch Runner at 1st Alfredo García:
Batting: LHB Timmy Appeldoorn 0-0: Called Strike
0-1: Fly out, F5 (Popup, 5S)
Bottom of the 8th over - 0 runs, 1 hit, 0 errors, 1 left on base; Phoenix 4 - Boston 3
TOP OF THE 9TH
Phoenix Hotspur batting - Pitching for Boston Patriots : RHP Doug Carlton
Pitching: RHP Folkert van Huizen
Batting: RHB Pierre Bernard 0-0: Called Strike
0-1: Ball
1-1: Called Strike
1-2: Ground out 5-3 (Groundball, 56S)
Batting: LHB Wagaw Lukongolo 0-0: Swinging Strike
0-1: Ball
1-1: Ball
2-1: Ball
3-1: Ground out 1-3 (Groundball, P)
Batting: RHB Roland Deschain 0-0: Called Strike
0-1: Swinging Strike
0-2: Foul Ball, location: 2F
0-2: Ball
1-2: Foul Ball, location: 2F
1-2: Ball
2-2: Foul Ball, location: 2F
2-2: Foul Ball, location: 2F
2-2: Strikes out looking
Top of the 9th over - 0 runs, 0 hits, 0 errors, 0 left on base; Phoenix 4 - Boston 3
BOTTOM OF THE 9TH
Boston Patriots batting - Pitching for Phoenix Hotspur : RHP Santiago Alonza
Pitching: RHP Alexander Weareorwear
Batting: RHB Terry Armstrong 0-0: SINGLE (Groundball, 4D)
Batting: RHB Karl Schultz 0-0: Called Strike
0-1: Ball
1-1: Fly out, F8 (Flyball, 8LXD)
Batting: RHB Eddie O'Bryan 0-0: Called Strike
0-1: Foul Ball, location: 2F
0-2: Ball
1-2: Ground out 5-3 (Groundball, 56)
Terry Armstrong to second
Batting: RHB Yosuke Hayashi 0-0: Foul Ball, location: 2F
0-1: Ball
1-1: Swinging Strike
1-2: Hit by Pitch
Pinch Runner at 1st Hideki Hisanobu:
Batting: LHB Alberto Enríquez 0-0: Ball
1-0: Ground out 5-3 (Groundball, 56S)
Bottom of the 9th over - 0 runs, 1 hit, 0 errors, 2 left on base; Phoenix 4 - Boston 3
Tuesday, December 19th, 2017 - OOTP Baseball 18.8 Build 76